 Dungeon Crawl Stone Soup version 0.21-a0-426-g98080a9 (webtiles) character file.

88 mastercheaf21 the Sneak (level 4, -3/22 HPs)
             Began as a Spriggan Assassin on Nov 7, 2017.
             Was an Initiate of Elyvilon.
             Slain by a goblin
             ... wielding a +0 club
             ... led by Robin
              (9 damage)
             ... on level 2 of the Dungeon.
             The game lasted 00:12:13 (2350 turns).

mastercheaf21 the Sneak (Spriggan Assassin)         Turns: 2350, Time: 00:12:15

Health: -3/22      AC:  3    Str:  7    XL:     4   Next: 30%
Magic:  5/5        EV: 19    Int: 12    God:    Elyvilon [......]
Gold:   108        SH:  3    Dex: 18    Spells: 3/3 levels left

rFire    . . .     SeeInvis +   a - +2 dagger
rCold    . . .     Gourm    .   (shield restricted)
rNeg     . . .     Faith    .   c - +0 robe
rPois    .         Spirit   .   (helmet restricted)
rElec    .         Reflect  +   d - +0 cloak
rCorr    .         Harm     .   (gloves unavailable)
MR       .....                  (boots unavailable)
Stlth    ++++......             o - +3 amulet of reflection
HPRegen  0.07/turn              (no ring)
MPRegen  0.09/turn              (no ring)

@: very quick
A: unfitting armour, see invisible, herbivore 3, speed 3, slow metabolism 2
a: Renounce Religion


You were on level 2 of the Dungeon.
You worshipped Elyvilon.
Elyvilon was noncommittal.
You were not hungry.

You visited 1 branch of the dungeon, and saw 2 of its levels.

You collected 108 gold pieces.

Inventory:

Hand Weapons
 a - a +2 dagger (weapon)
 b - a +0 blowgun
Missiles
 e - 8 poisoned needles
 f - 2 curare-tipped needles
 k - 6 javelins (quivered)
 r - 17 sling bullets
Armour
 c - a +0 robe (worn)
 d - a +0 cloak (worn)
 s - a +0 leather armour
Jewellery
 o - a +3 amulet of reflection (around neck)
Scrolls
 j - a scroll of identify {unknown}
 m - a scroll of fog {unknown}
 t - 2 scrolls of teleportation {unknown}
 v - a scroll of remove curse {unknown}
Potions
 i - a potion of resistance {unknown}
 l - a potion of agility {unknown}
 p - 2 potions of curing {unknown}
 q - a potion of flight {unknown}
 u - a potion of degeneration {unknown}
Comestibles
 g - 2 bread rations
 h - a fruit
 n - 2 royal jellies


   Skills:
 - Level 1.6 Fighting
 + Level 3.6 Short Blades
 + Level 2.1 Throwing
 + Level 3.8 Dodging
 - Level 6.4 Stealth


You had 3 spell levels left.
You didn't know any spells.

Dungeon Overview and Level Annotations

Branches:
Dungeon (2/15)

Altars:
Elyvilon

Annotations:
D:2 Robin


Innate Abilities, Weirdness & Mutations

You are very small and have problems with some larger weapons.
You are too small for most types of armour.
You have supernaturally acute eyesight. (SInv)
You are a herbivore.
You cover ground extremely quickly.
You need consume almost no food.


Message History

The goblin closely misses you. The rat closely misses you.
The goblin barely misses you. The hobgoblin hits you with a club.
You hit the goblin but do no damage.
The goblin is heavily wounded.
The goblin closely misses you. You block the rat's attack.
The goblin closely misses you.
Robin says, "My goblins will feast on your bones."
The goblin misses you.
You hit the goblin.
You kill the goblin!
The hobgoblin hits you with a club. The rat bites you.
The goblin completely misses you. Robin throws the goblin at you!
The goblin hits you with a dagger.
* * * LOW HITPOINT WARNING * * *
The goblin closely misses you.
You hit the goblin.
The goblin is severely wounded.
The goblin completely misses you. The hobgoblin closely misses you.
The rat misses you. The goblin misses you. The goblin hits you with a club!
You die... ....... #<# ....... #.# ....... #.# # ...$... #####.# #. ....... #...... .. gg.....

#......
#.###gg.....
#......
#..ggggg....
######..
####@rg.....
#....... #g#######
#....... #.#
#......# #.#
#......#
#%#########......#
#................#
###########......#
##......#
#########.......#


You could see Robin, 2 hobgoblins, 8 goblins and a rat.

Vanquished Creatures
  An adder (D:2)
  3 gnolls (D:2)
  2 dart slugs
  8 bats
  5 giant cockroaches
  2 goblins (D:2)
  4 hobgoblins
  10 jackals
  2 frilled lizards (D:1)
  4 kobolds
  4 rats (D:1)
45 creatures vanquished.

Notes
Turn   | Place    | Note
-------+----------+-------------------------------------------
     0 | D:1      | mastercheaf21 the Spriggan Assassin began the quest for the Orb.
     0 | D:1      | Reached XP level 1. HP: 10/10 MP: 2/2
    62 | D:1      | Reached skill level 6 in Stealth
   193 | D:1      | Reached XP level 2. HP: 13/14 MP: 3/3
  1050 | D:1      | Reached XP level 3. HP: 18/18 MP: 4/4
  1921 | D:2      | Found a white marble altar of Elyvilon.
  2027 | D:2      | Reached XP level 4. HP: 18/22 MP: 5/5
  2109 | D:2      | Became a worshipper of Elyvilon the Healer
  2340 | D:2      | Noticed Robin
  2350 | D:2      | Slain by a goblin

Vault maps used:
D:1:      dpeg_chamrin_arrival_tetris
D:2:      lemuel_round_altar, overflow_temple_1_default,
          grunt_temple_overflow_diamond, uniq_robin

Skill      XL: |  1  2  3 |
---------------+----------+-----
Stealth        | 6 |  6.4
Dodging        | 2 3 |  3.8
Short Blades   | 3 |  3.6
Fighting       | |  1.6
Throwing       | |  2.1

Action                   |  1- 3 |  4- 6 || total
-------------------------+-------+-------++-------
Melee: Dagger            |   191 |    35 ||   226
 Fire: Blowgun           |     7 |       ||     7
 Stab: Sleeping          |     4 |     2 ||     6
Armor: Robe              |    35 |     2 ||    37
Dodge: Dodged            |   248 |    29 ||   277
Block: Other             |    14 |     5 ||    19

Table legend:
 A = Spawn XP
 B = Non-spawn XP
 C = Spawn XP percentage of total XP
 D = Spawn monster count
 E = Non-spawn monster count
 F = Spawn count percentage of total count
 G = Total turns spent on level
                    A         B        C        D         E        F      G
               +---------+---------+-------+---------+---------+-------+---------
         Total |       0 |     127 |   0.0 |       0 |      45 |   0.0 |  2350
               +---------+---------+-------+---------+---------+-------+---------
           D:1 |       0 |      46 |   0.0 |       0 |      28 |   0.0 |  1311
           D:2 |       0 |      81 |   0.0 |       0 |      17 |   0.0 |  1039
               +---------+---------+-------+---------+---------+-------+---------
